 Dungeon Crawl Stone Soup version 0.31-a0-479-g91c9547826 (webtiles) character file.

Game seed: 2242114057542660847

94378 gorlim the Brawler (level 15, -14/143 HPs)
             Began as a Troll Berserker on Aug 7, 2023.
             Was the Champion of Trog.
             Demolished by a spriggan defender simulacrum (26 damage)
             ... summoned by an orange crystal statue
             ... in an ice cave.
             The game lasted 00:57:00 (15163 turns).

gorlim the Brawler (Troll Berserker)               Turns: 15163, Time: 00:57:00

Health: -14/143    AC: 15    Str: 31    XL:     15   Next: 63%
Magic:  6/14       EV: 12    Int: 13    God:    Trog [******]
Gold:   1920       SH:  0    Dex:  9    Spells: 14/14 levels left

rFire   . .          .
                       - Unarmed
rCold   . . .        (no shield)
rNeg    . . .        R - +3 troll leather armour
rPois   .            (helmet restricted)
rElec   .            o - +2 cloak {rCorr}
rCorr   +            (gloves unavailable)
SInv    .            (boots unavailable)
Will    +....        B - amulet of the acrobat
Stlth   ++           p - +4 ring of protection
HPRegen 2.03/turn    s - +6 ring of intelligence
MPRegen 0.14/turn

%: acrobat
@: no status effects
A: large, unfitting armour, claws 3, regeneration 1, shaggy fur 1, tough skin 1
a: Renounce Religion, Berserk, Trog's Hand, Brothers in Arms


You were in an ice cave.
You worshipped Trog.
Trog was exalted by your worship.
You visited 3 branches of the dungeon, and saw 18 of its levels.
You also visited: Ossuary and Ice Cave.

You collected 2033 gold pieces.
You spent 113 gold pieces at shops.

Inventory:

Hand Weapons
 g - a +1 quick blade of flaming
 k - a +9 club of freezing
 H - a +3 demon blade
 V - the +1 giant club of Sin {heavy, Will+}
   (Trog gifted it to you on level 14 of the Dungeon)

   Will:      It increases your willpower.
Missiles
 r - 14 boomerangs
 x - 3 throwing nets (quivered)
 G - 18 large rocks
 L - 11 javelins
Armour
 a - a +1 animal skin
 o - a +2 cloak of preservation (worn)
 R - a +3 troll leather armour (worn)
 S - +0 ice dragon scales
Jewellery
 p - a +4 ring of protection (left claw)
 q - an amulet of faith
 s - a +6 ring of intelligence (right claw)
 A - a +5 ring of evasion
 B - an amulet of the acrobat (around neck)
 I - a +6 ring of dexterity
 K - a ring of protection from cold
Wands
 f - a wand of flame (8)
 m - a wand of mindburst (11)
 F - a wand of iceblast (3)
 J - a wand of charming (6)
 P - a wand of digging (2)
 Q - a wand of light (5)
Scrolls
 b - 3 scrolls of poison
 h - 2 scrolls of fog
 u - 6 scrolls of teleportation
 y - 3 scrolls of noise
 C - 2 scrolls of revelation
 D - 3 scrolls of enchant weapon
 E - 2 scrolls of blinking
 M - 2 scrolls of butterflies
 N - a scroll of fear
Potions
 c - 2 potions of attraction
 d - 2 potions of berserk rage
 e - 5 potions of curing
 i - 2 potions of brilliance
 j - 5 potions of resistance
 l - a potion of ambrosia
 n - a potion of heal wounds
 t - 3 potions of enlightenment
 v - 2 potions of mutation
 w - 6 potions of haste
 z - 4 potions of magic
 O - a potion of lignification
 U - 2 potions of might


   Skills:
 * Level 8.1 Fighting
 * Level 6.9 Maces & Flails
 * Level 3.4 Armour
 * Level 10.4 Dodging
 + Level 2.3 Stealth
 * Level 20.5 Unarmed Combat


You had 14 spell levels left.
You didn't know any spells.
Your spell library was empty.

Dungeon Overview and Level Annotations

Branches:
Dungeon (15/15)            Temple (0/1) D:7            Lair (0/5) D:10
    Orc (2/2) D:10            Elf (1/3) Orc:2        Vaults (0/5) D:13
 Depths (0/4) D:15        Ossuary (visited)           IceCv (1/1)

Altars:
Fedhas
Makhleb
Nemelex Xobeh
Okawaru
Qazlal
Sif Muna
Uskayaw
Wu Jian

Shops:
D:3 (   D:6 *   D:9 *   D:11 ?   Orc:2 (*=[

Annotations:
Orc:1 1 runed translucent door IceCv exclusion: orange crystal statue


Innate Abilities, Weirdness & Mutations

You are too large for most types of armour.
You have claws for hands.
Your natural rate of healing is unusually fast.
You are covered in fur. (AC +1)
You have tough skin. (AC +1)


Message History

The obsidian statue is severely damaged.
You mangle the obsidian statue!!
You destroy the obsidian statue!
Trog accepts your kill.
The orange crystal statue glitters.
The minotaur simulacrum dissolves into shadows!
The orange crystal statue fixes its piercing gaze on you.
Something tries to feed on your intellect!
The spriggan defender simulacrum closely misses you.
The minotaur simulacrum barely misses you. x2
The spriggan defender simulacrum attacks as you move away!
The spriggan defender simulacrum hits you!
The spriggan defender simulacrum freezes you!!
The minotaur simulacrum completely misses you.
The minotaur simulacrum gores you but does no damage.
The spriggan defender simulacrum hits you but does no damage.
The orange crystal statue fixes its piercing gaze on you.
Something tries to feed on your intellect!
The minotaur simulacrum completely misses you. x2
The spriggan defender simulacrum attacks as you move away!
The spriggan defender simulacrum hits you.
The spriggan defender simulacrum freezes you!!
The orange crystal statue fixes its piercing gaze on you.
You feel your power leaking away.
The spriggan defender simulacrum misses you.
The spriggan defender simulacrum completely misses you.
The spriggan defender simulacrum misses you.
The minotaur simulacrum closely misses you.
The minotaur simulacrum misses you.
The minotaur simulacrum hits you but does no damage.
The minotaur simulacrum gores you. The minotaur simulacrum freezes you!!!
You claw the orange crystal statue!
The orange crystal statue is lightly damaged.
The spriggan defender simulacrum hits you.
The spriggan defender simulacrum freezes you!!
* * * LOW HITPOINT WARNING * * *
The spriggan defender simulacrum hits you!
* * * LOW HITPOINT WARNING * * *
The spriggan defender simulacrum freezes you!!
You die...

..# ##..# ...## ...#
##..## ##....# ##...Z.##
#....Z@8# #### #....ZZ##
######..## #.......###
##..##....#
##.........###..........
#...........#.......∩.∩.
#........##....##.......
#.......####..#####....#
##.......# #### ##..##
##.#.#### ####


You could see an orange crystal statue, 2 spriggan defender simulacra and 2
minotaur simulacra.

Vanquished Creatures
  Rupert (Orc:2)
  Frances (Orc:2)
  An azure jelly (D:15)
  Azrael (D:14)
  Josephine (D:14)
  Harold (D:9)
  An ice dragon (D:15)
  4 vault guards (D:13)
  4 ogre magi (Orc:2)
  2 catoblepae
  6 centaur warriors
  4 boulder beetles
  16 two-headed ogres
  Sonja (Orc:1)
  An obsidian statue (IceCv)
  A spriggan simulacrum (IceCv)
  7 deep elf pyromancers
  27 ugly things
  A manticore (D:13)
  4 cyclopes
  Joseph (D:9)
  A gargoyle (D:11)
  3 freezing wraiths
  An unseen horror (D:13)
  An anaconda simulacrum (IceCv)
  A yaktaur (shapeshifter) (D:13)
  2 kobold demonologists
  An ice devil (IceCv)
  A komodo dragon (D:11)
  9 trolls
  A troll (shapeshifter) (D:10)
  Grinder (D:5)
  A wolf spider simulacrum (D:13)
  3 shadows
  9 slime creatures
  3 vampires
  A culicivora (shapeshifter) (D:14)
  8 wraiths
  2 wyverns
  12 yaks
  4 basilisks
  2 steam dragons (D:9)
  3 fire elementals (D:14)
  A minotaur simulacrum (IceCv)
  15 vampire mosquitoes
  A harpy simulacrum (IceCv)
  Menkaure (D:4)
  2 two-headed ogre zombies (D:10)
  4 wargs
  4 acid dragons
  Edmund (D:6)
  4 hell hounds (D:14)
  3 water moccasins
  Duvessa (D:4)
  14 orc warriors
  3 sky beasts
  4 black bears
  A wolf (D:10)
  A boggart (D:9)
  10 centaurs
  27 ogres
  2 phantoms
  5 kobold brigands
  9 bullfrogs
  4 scorpions
  A gnoll sergeant (D:13)
  2 deep troll simulacra (IceCv)
  Dowan (D:4)
  3 troll zombies (D:10)
  6 killer bees
  An electric eel (Orc:2)
  4 howler monkeys
  5 hounds
  12 orc priests
  2 jellies
  Crazy Yiuf (D:4)
  5 iguanas
  Jessica (D:3)
  2 sleepcaps
  Ijyb (D:3)
  23 orc wizards
  A centaur simulacrum (D:9)
  3 ogre zombies (D:10)
  9 mummies
  9 adders
  2 shadow imps
  4 dart slugs
  2 worms
  46 orcs
  4 endoplasms
  3 giant cockroaches
  4 gnoll zombies (Ossuary)
  6 goblins
  10 hobgoblins
  16 jackals
  14 kobolds
  2 quokkas (D:2)
  11 ball pythons
  6 bats
  3 frilled lizards
  2 goblin zombies
  8 hobgoblin zombies
  5 orc skeletons (D:10)
  16 orc zombies (D:10)
  6 rats
535 creatures vanquished.

Vanquished Creatures (others)
  An ice dragon (D:15)
1 creature vanquished.

Grand Total: 536 creatures vanquished

Notes
Turn   | Place    | Note
-------+----------+-------------------------------------------
     0 | D:1      | gorlim the Troll Berserker began the quest for the Orb.
     0 | D:1      | Reached XP level 1. HP: 22/22 MP: 0/0
   191 | D:1      | Reached XP level 2. HP: 26/29 MP: 1/1
   308 | D:1      | Reached ** piety under Trog
   345 | D:1      | Reached XP level 3. HP: 36/36 MP: 2/2
  1049 | D:2      | Found a faded altar of an unknown god.
  1106 | D:2      | Reached XP level 4. HP: 44/44 MP: 3/3
  1200 | D:3      | Noticed Ijyb
  1200 | D:3      | Found Viopp's Weapon Boutique.
  1210 | D:3      | Killed Ijyb
  1211 | D:3      | Reached skill level 4 in Unarmed Combat
  1217 | D:3      | Found a hide-covered altar of Uskayaw.
  1253 | D:3      | Reached XP level 5. HP: 27/53 MP: 4/4
  1382 | D:3      | Reached *** piety under Trog
  1555 | D:3      | Noticed Jessica
  1566 | D:3      | Killed Jessica
  1567 | D:3      | Reached skill level 5 in Unarmed Combat
  1733 | D:4      | Noticed Menkaure
  1735 | D:4      | Killed Menkaure
  1736 | D:4      | Reached XP level 6. HP: 61/61 MP: 5/5
  1879 | D:4      | Noticed Duvessa
  1879 | D:4      | Noticed Dowan
  1883 | D:4      | Killed Dowan
  1884 | D:4      | Reached skill level 6 in Unarmed Combat
  1893 | D:4      | Killed Duvessa
  1894 | D:4      | Reached XP level 7. HP: 32/67 MP: 6/6
  2011 | D:4      | Found an ornate altar of the Wu Jian Council.
  2138 | D:4      | Found a runed translucent door.
  2139 | D:4      | Noticed Crazy Yiuf
  2362 | D:4      | Killed Crazy Yiuf
  2437 | D:5      | Entered Level 5 of the Dungeon
  2456 | D:5      | Noticed Grinder
  2464 | D:5      | Reached skill level 7 in Unarmed Combat
  2473 | D:5      | Killed Grinder
  2566 | D:5      | Reached XP level 8. HP: 59/76 MP: 7/7
  2746 | D:5      | Found a sparkling altar of Nemelex Xobeh.
  2758 | D:5      | Reached skill level 8 in Unarmed Combat
  2905 | D:5      | Found a shimmering blue altar of Sif Muna.
  3114 | D:6      | Noticed Edmund
  3125 | D:6      | Killed Edmund
  3193 | D:6      | Reached skill level 1 in Stealth
  3355 | D:6      | Found Rauvaov's Neck Hole.
  3376 | D:6      | Reached skill level 5 in Dodging
  3585 | D:7      | Reached skill level 9 in Unarmed Combat
  3615 | D:7      | Reached **** piety under Trog
  3619 | D:7      | Found a staircase to the Ecumenical Temple.
  3638 | D:7      | Found a sand-covered staircase.
  3644 | Ossuary  | Entered an ossuary
  3976 | D:7      | Reached XP level 9. HP: 84/84 MP: 8/8
  4390 | D:7      | Reached skill level 10 in Unarmed Combat
  5156 | D:8      | Found a blossoming altar of Fedhas.
  5451 | D:8      | Reached skill level 11 in Unarmed Combat
  5725 | D:9      | Found Lod Kagg's Assorted Antiques.
  5741 | D:9      | Noticed Joseph
  5748 | D:9      | Killed Joseph
  5794 | D:9      | Noticed a troll
  5795 | D:9      | Noticed a brown ugly thing
  5834 | D:8      | Killed a brown ugly thing
  5835 | D:8      | Reached XP level 10. HP: 33/94 MP: 9/9
  5938 | D:9      | Found an iron altar of Okawaru.
  5954 | D:9      | Noticed Harold
  5959 | D:9      | Reached skill level 12 in Unarmed Combat
  5979 | D:9      | HP: 1/94 [Harold/+0 scimitar (15)]
  5981 | D:9      | Killed Harold
  6025 | D:9      | Reached skill level 5 in Fighting
  6086 | D:9      | Noticed a boulder beetle
  6130 | D:9      | Noticed a two-headed ogre
  6303 | D:9      | Killed a boulder beetle
  6304 | D:9      | Reached skill level 13 in Unarmed Combat
  6407 | D:10     | Entered Level 10 of the Dungeon
  6692 | D:9      | Killed a two-headed ogre
  6693 | D:9      | Reached XP level 11. HP: 104/104 MP: 10/10
  6998 | D:9      | Found a burning altar of Makhleb.
  6999 | D:9      | Found a stormy altar of Qazlal.
  7105 | D:10     | Noticed a harpy
  7105 | D:10     | a harpy changed into a troll
  7212 | D:10     | Reached ***** piety under Trog
  7213 | D:10     | Reached skill level 14 in Unarmed Combat
  7282 | D:10     | Found a staircase to the Orcish Mines.
  7374 | D:10     | Received a gift from Trog
  7565 | Orc:1    | Entered Level 1 of the Orcish Mines
  7645 | Orc:2    | Entered Level 2 of the Orcish Mines
  7878 | D:10     | Found a staircase to the Lair.
  8193 | Orc:2    | Reached skill level 1 in Maces & Flails
  8315 | Orc:2    | Reached skill level 15 in Unarmed Combat
  8482 | Orc:2    | Noticed a two-headed ogre
  8482 | Orc:2    | Noticed a two-headed ogre
  8485 | Orc:2    | Noticed a two-headed ogre
  8486 | Orc:2    | Noticed a two-headed ogre
  8534 | Orc:2    | Killed a two-headed ogre
  8537 | Orc:2    | Killed a two-headed ogre
  8625 | Orc:1    | Killed a two-headed ogre
  8660 | Orc:2    | Received a gift from Trog
  8740 | Orc:1    | Reached XP level 12. HP: 78/114 MP: 11/11
  8766 | Orc:2    | Killed a two-headed ogre
  8843 | Orc:2    | Noticed a two-headed ogre
  8856 | Orc:2    | Killed a two-headed ogre
  8868 | Orc:2    | Noticed an ogre mage
  8914 | Orc:1    | Noticed Sonja
  8919 | Orc:1    | Killed Sonja
  9093 | Orc:1    | Reached skill level 16 in Unarmed Combat
  9265 | Orc:1    | Found a runed translucent door.
  9267 | Orc:1    | Noticed a balrug
  9392 | Orc:2    | Killed an ogre mage
  9478 | Orc:2    | Noticed an ogre mage
  9485 | Orc:2    | Killed an ogre mage
  9505 | Orc:2    | Noticed a two-headed ogre
  9518 | Orc:2    | Killed a two-headed ogre
  9548 | Orc:2    | Noticed a two-headed ogre
  9554 | Orc:2    | Killed a two-headed ogre
  9555 | Orc:2    | Noticed a two-headed ogre
  9583 | Orc:2    | Killed a two-headed ogre
  9592 | Orc:2    | Noticed a two-headed ogre
  9596 | Orc:2    | Noticed a two-headed ogre
  9617 | Orc:1    | Killed a two-headed ogre
  9648 | Orc:2    | Noticed an ogre mage
  9655 | Orc:1    | Killed a two-headed ogre
  9758 | Orc:2    | Killed an ogre mage
  9759 | Orc:2    | Reached skill level 17 in Unarmed Combat
  9825 | Orc:2    | Found a staircase to the Elven Halls.
  9856 | Orc:2    | Noticed an ogre mage
  9862 | Orc:2    | Noticed Rupert
  9869 | Orc:2    | Killed an ogre mage
  9884 | Orc:2    | Killed Rupert
  9930 | Orc:2    | Noticed a two-headed ogre
  9982 | Orc:2    | Found Qiopn's Jewellery Boutique.
  9982 | Orc:2    | Found Imeid's Antique Weapon Shoppe.
  9982 | Orc:2    | Found Asulom's Armour Emporium.
  9982 | Orc:2    | Found Wunnas's General Store.
 10077 | Orc:2    | Killed a two-headed ogre
 10084 | Orc:2    | Bought a potion of heal wounds for 65 gold pieces
 10206 | Orc:2    | Noticed a two-headed ogre
 10211 | Orc:2    | Killed a two-headed ogre
 10212 | Orc:2    | Reached XP level 13. HP: 112/123 MP: 12/12
 10514 | Elf:1    | Entered Level 1 of the Elven Halls
 10514 | Elf:1    | Noticed Frances
 10524 | Orc:2    | Killed Frances
 10589 | Orc:2    | HP: 6/123 [poisoned by a +4 glaive of venom]
 10594 | Orc:2    | Received a gift from Trog
 11078 | D:11     | Reached skill level 18 in Unarmed Combat
 11583 | D:11     | Found Rutoeply's Magic Scroll Shop.
 11610 | D:11     | Bought a scroll of identify for 24 gold pieces
 11610 | D:11     | Bought a scroll of identify for 24 gold pieces
 12258 | D:12     | Reached skill level 5 in Maces & Flails
 12276 | D:12     | Identified the +5 morningstar of Glory {antimagic, +Blink
                  | Str+3}
 12424 | D:12     | Reached skill level 1 in Armour
 12424 | D:12     | Reached XP level 14. HP: 133/133 MP: 13/13
 12504 | D:13     | Found a gate to the Vaults.
 12537 | D:13     | Reached skill level 19 in Unarmed Combat
 12561 | D:13     | Reached skill level 10 in Dodging
 12868 | D:13     | Reached ****** piety under Trog
 13253 | D:13     | Reached XP level 15. HP: 143/143 MP: 14/14
 13545 | D:14     | HP: 4/143 [red ugly thing (17)]
 13699 | D:14     | Identified the +1 giant club of Sin {heavy, Will+} (Trog
                  | gifted it to you on level 14 of the Dungeon)
 13699 | D:14     | Received a gift from Trog
 13833 | D:14     | Noticed Josephine
 13841 | D:14     | Killed Josephine
 13866 | D:14     | Reached skill level 20 in Unarmed Combat
 13932 | D:14     | Identified the +9 rapier "Imo Biska" {freeze, rF++ rC-}
 14113 | D:14     | Noticed Azrael
 14280 | D:14     | Killed Azrael
 14360 | D:15     | Entered Level 15 of the Dungeon
 14437 | D:15     | Found a staircase to the Depths.
 14549 | D:15     | Identified the +5 quarterstaff "Ucrink" {freeze, Int+6}
 14894 | D:15     | Found a frozen archway.
 14894 | D:15     | Noticed an azure jelly
 14904 | D:15     | Killed an azure jelly
 14984 | IceCv    | Entered an ice cave
 15163 | IceCv    | Demolished by a spriggan defender simulacrum

Illustrated notes

Levels and vault maps discovered:
D:1:      amcnicky_arrival_underground_garden, layout_loops_ring,
          hangedman_decor_push
D:2:      layout_rooms, dreamdust_ecumenical_altar_hidden_monk_grotto
D:3:      layout_rooms, lemuel_round_altar, serial_shops, shop,
          serial_bayou_pond_b, uniq_ijyb, uniq_jessica
D:4:      layout_basic, mainiacjoe_overflow_paths, uniq_duvessa,
          uniq_crazy_yiuf_cottage, uniq_menkaure
D:5:      layout_loops_ring, nemelex_xobeh_ov_fountains_minmay,
          nicolae_sif_muna_condensation, uniq_grinder
D:6:      layout_cave_pools, st_stairs_2, nicolae_shop_sticking_my_neck_out,
          uniq_edmund
D:7:      layout_basic, minmay_temple_entry_drinking_statues,
          nicolae_ossuary_entry_giza
D:8:      layout_basic, fedhas_altar_4, minmay_fractal_squares_diagonal_5
D:9:      minmay_flawed_box, layout_long_grid, nicolae_overflow_hidden_temple,
          serial_shops, shop, nicolae_doodle_vault, uniq_harold, uniq_joseph
D:10:     layout_basic, minmay_lair_entry_grove, zombieorc2_lemuel
D:11:     layout_loops_corners, serial_shops, shop
D:12:     layout_big_octagon, nzn_life_drinkers
D:13:     layout_irregular_city, lightli_vaults_fourway_checkpoint,
          reono_crystal_passage
D:14:     layout_roguey, uniq_azrael, uniq_josephine
D:15:     grunt_enter_depths_hoard, layout_basic, nrook_mini_backslash,
          portal_ice_cave_entry_frozen_things
Orc:1:    dreamdust_dug_too_deep, layout_caves, david_defended_altar_orc,
          uniq_sonja
Orc:2:    st_orc_ogre_mass, layout_diamond_mine, nooodl_orcs_dogs, uniq_rupert
Elf:1:    minmay_elf_arrival_circle, layout_loops_corners, serial_shops, shop,
          hangedman_elf_disciples, lemuel_upstairs_altar, uniq_frances
IceCv:    ice_cave_small_demon

Skill      XL: |  1  2  3  4  5  6  7  8  9 10 11 12 13 14 15 |
---------------+----------------------------------------------+-----
Dodging        | 3 4 5 6 7 8 9 10 | 10.4
Fighting       | 3 4 5 6 7 8 |  8.1
Unarmed Combat | 4 5 6 7 9 11 13 15 17 18 19 20 | 20.5
Stealth        | 1 2 |  2.3
Maces & Flails | 2 3 5 6 |  6.9
Armour         | 1 2 3 |  3.4

Action                     |  1- 3 |  4- 6 |  7- 9 | 10-12 | 13-15 || total
---------------------------+-------+-------+-------+-------+-------++-------
  Melee: Unarmed           |    83 |   112 |   305 |   549 |   535 ||  1584
         Punch             |       |     2 |    17 |    56 |    53 ||   128
  Throw: Throwing net      |       |       |       |     1 |       ||     1
    Use: Scroll            |     4 |     4 |    11 |     1 |    15 ||    35
         Potion            |       |       |       |     4 |     6 ||    10
   Stab: Sleeping          |     1 |     1 |     2 |       |     3 ||     7
         Distracted        |       |       |       |     1 |     1 ||     2
 Armour: Animal skin       |    26 |    50 |   129 |   160 |    22 ||   387
         Troll leather arm |       |       |       |       |   185 ||   185
  Dodge: Dodged            |    48 |    50 |   162 |   299 |   322 ||   881

Table legend: (Time is in decaauts)
 A = Elapsed time spent in this place.
 B = Non-inter-level travel time spent in this place.
 C = Inter-level travel time spent in this place.
 D = Time resting spent in this place.
 E = Time spent auto-exploring this place.
 F = Levels seen in this place.
 G = Mean time per level.
                   A        B        C        D        E       F      G
               +--------+--------+--------+--------+--------+-----+--------+
         Total |  14812 |  13149 |   1663 |    710 |   8074 |  20 |  740.6 |
       Dungeon |  11492 |  10628 |    864 |    266 |   7296 |  15 |  766.1 |
  Orcish Mines |   2874 |   2075 |    799 |    412 |    591 |   2 | 1437.0 |
   Elven Halls |     23 |     23 |      0 |      0 |      0 |   1 |   23.0 |
       Ossuary |    251 |    251 |      0 |      0 |    114 |   1 |  251.0 |
      Ice Cave |    170 |    170 |      0 |     32 |     73 |   1 |  170.0 |
               +--------+--------+--------+--------+--------+-----+--------+

Top non-repeatable levels by time:
   Orc:2: 1829 daAuts
     D:9: 1220 daAuts
     D:8: 1199 daAuts
   Orc:1: 1045 daAuts
    D:14: 926 daAuts
    D:11: 890 daAuts
    D:13: 880 daAuts
     D:7: 834 daAuts
     D:1: 734 daAuts
    D:10: 733 daAuts
     D:4: 712 daAuts
     D:5: 670 daAuts
    D:12: 661 daAuts
    D:15: 599 daAuts
     D:3: 514 daAuts
